 Dungeon Crawl Stone Soup version 0.29-a0-275-g389c0b56f3 (webtiles) character file.

Game seed: 5752237804426986731

3171 Leszczynek the Cleaver (level 10, -7/76 HPs)
             Began as a Human Gladiator on Mar 11, 2022.
             Was a Priest of Cheibriados.
             Mangled by a troll (12 damage)
             ... on level 1 of the Orcish Mines.
             The game lasted 00:35:42 (4410 turns).

Leszczynek the Cleaver (Human Gladiator)            Turns: 4410, Time: 00:35:42

Health: -7/76      AC:  7    Str: 25    XL:     10   Next: 16%
Magic:  12/13      EV: 15    Int: 19    God:    Cheibriados [***...]
Gold:   394        SH:  4    Dex: 22    Spells: 9/9 levels left

rFire   . . .      SeeInvis .   a - +1 battleaxe (elec)
rCold   . . .      Faith    .   (shield currently unavailable)
rNeg    . . .      Spirit   .   j - +0 troll leather armour
rPois   .          Reflect  .   c - +0 helmet
rElec   .          Harm     .   m - +0 cloak {Stlth+}
rCorr   .          Rampage  .   (no gloves)
Will    .....                   k - +0 pair of boots
Stlth   +++.......              (no amulet)
HPRegen 1.02/turn               (no ring)
MPRegen 0.13/turn               (no ring)

@: mighty, very slow
A: large bone plates 1, wild magic 1
a: Renounce Religion, Bend Time, Temporal Distortion


You were on level 1 of the Orcish Mines.
You worshipped Cheibriados.
Cheibriados was most pleased with you.
You visited 2 branches of the dungeon, and saw 13 of its levels.
You also visited: Sewer.

You collected 550 gold pieces.
You spent 156 gold pieces at shops.

Inventory:

Hand Weapons
 a - a +1 battleaxe of electrocution (weapon)
 b - a +0 shortbow
 o - a +0 war axe
Missiles
 e - a javelin (quivered)
Armour
 c - a +0 helmet (worn)
 f - the +1 ring mail of the Will of the Gods {rF++}
   (You took it off an orc on level 7 of the Dungeon)

   rF:        It greatly protects you from fire.
 j - a +0 troll leather armour (worn)
 k - a +0 pair of boots (worn)
 m - a +0 cloak of stealth (worn)
 x - a +2 buckler
Wands
 p - a wand of paralysis (6)
 s - a wand of charming (3)
 w - a wand of flame (13)
Scrolls
 d - a scroll of fog
 l - a scroll of summoning
 q - a scroll of immolation {!r}
Potions
 g - 2 potions of brilliance
 h - 3 potions of flight
 i - a potion of attraction
 n - a potion of mutation {!q}


   Skills:
 - Level 6.1 Fighting
 * Level 10.8 Axes
 - Level 2.0 Throwing
 + Level 5.3 Dodging
 - Level 2.0 Shields
 - Level 4.2 Invocations


You had 9 spell levels left.
You didn't know any spells.
Your spell library contained the following spells:

 Spells                   Type           Power      Damage    Failure   Level
 Shock                    Conj/Air       0%         1d3       32%         1
 Conjure Flame            Conj/Fire      0%         6-21      65%         3
 Ignite Poison            Fire/Tmut/Pois 0%         N/A       65%         3
 Swiftness                Air            0%         N/A       65%         3
 Airstrike                Air            0%         N/A       96%         4
 Sticky Flame             Conj/Fire      0%         2d3       96%         4


Dungeon Overview and Level Annotations

Branches:
Dungeon (11/15)            Temple (0/1) D:5             Orc (2/2) D:10
  Sewer (visited)
   Lair: D:8-11         Elf: Orc:2

Altars:
Cheibriados
Kikubaaqudgha
Xom

Shops:
D:5 *   D:7 =*

Annotations:
D:6 Grinder


Innate Abilities, Weirdness & Mutations

You are partially covered in large bone plates. (SH +4)
Your spells are a little harder to cast, but a little more powerful.


Message History

The orc misses you.
In your confused state, you trip and fall back down the stairs.
The orc closely misses you. The troll bites you. The troll claws you!
The troll claws you.
Unknown command.
Unknown command.
The orc hits you from afar with a +0 trident.
The troll bites you! The troll completely misses you.
The troll closely misses you.
You climb upwards.
There is a stone staircase leading down here.
Unknown command.
You slash the troll!
The troll is moderately wounded.
The troll bites you! The troll claws you! x2
Unknown command.
You barely miss the troll.
The troll is moderately wounded.
The troll barely misses you. The troll closely misses you. The troll claws you.
* * * LOW HITPOINT WARNING * * *
You are too confused!
Okay, then.
Okay, then.
It was a potion of might.
You feel very mighty all of a sudden.
You feel less confused. The troll closely misses you. The troll claws you.
* * * LOW HITPOINT WARNING * * *
The troll barely misses you.
You slice the troll!!
The troll is severely wounded.
You block the troll's attack. The troll closely misses you. x2
You closely miss the troll.
The troll is severely wounded.
The troll misses you. You block the troll's attack. x2
You hit the troll.
The troll is severely wounded.
The troll bites you!
* * * LOW HITPOINT WARNING * * *
The troll claws you!
You die...

##.#..#....#.##....##.## ###
######.......#....#...# ###.#
#.....#.#......#.# ####....
##.#######.......####.......
### ##...........#........
###.....................
###..#........≈≈≈≈≈≈≈..≈≈≈
##.............≈######++###
#.....#...@T...≈# #
######.####........≈#
.##.##.##.#.#....<...≈#
.....................≈#
.##.##.....^......#..≈# #
###................≈###########
#....##........#..≈≈≈≈≈≈≈≈≈≈≈≈
##.####.#...#...#.............
#. #......#...#.#.......####


You could see a troll.

Vanquished Creatures
  2 trolls
  A wyvern (D:8)
  2 steam dragons (D:9)
  3 orc warriors
  A sky beast (D:8)
  A centaur (D:8)
  5 bullfrogs
  2 scorpions
  A necrophage (D:6)
  7 killer bees
  A jelly (D:4)
  4 gnoll shamans
  5 orc priests
  A hound (D:5)
  Crazy Yiuf (D:7)
  4 iguanas
  9 orc wizards
  2 yak simulacra (D:9)
  A merfolk siren (Sewer)
  A merfolk avatar (Sewer)
  A wolf simulacrum (D:9)
  16 gnolls
  4 adders
  3 river rats (Sewer)
  A white imp (D:7)
  2 ufetubi
  3 worms
  A dart slug (D:2)
  23 orcs
  A bat (D:2)
  An endoplasm (D:4)
  6 giant cockroaches
  4 goblins
  5 hobgoblins
  2 quokkas
  7 ball pythons
  6 frilled lizards
  A kobold (D:2)
  19 rats (Sewer)
  A river rat simulacrum (D:9)
161 creatures vanquished.

Vanquished Creatures (others)
  3 plants
3 creatures vanquished.

Grand Total: 164 creatures vanquished

Notes
Turn   | Place    | Note
-------+----------+-------------------------------------------
     0 | D:1      | Leszczynek the Human Gladiator began the quest for the Orb.
     0 | D:1      | Reached XP level 1. HP: 16/16 MP: 1/1
     0 | D:1      | 3 hit by iguana
     0 | D:1      | nice
    30 | D:2      | Found a snail-covered altar of Cheibriados.
    48 | D:2      | Became a worshipper of Cheibriados the Contemplative
    53 | D:2      | Reached XP level 2. HP: 22/22 MP: 2/2
   201 | D:3      | Reached skill level 4 in Axes
   201 | D:3      | Reached XP level 3. HP: 18/27 MP: 3/3
   305 | D:4      | Noticed a black bear
   395 | D:4      | Found a glowing drain.
   397 | D:4      | Reached * piety under Cheibriados
   417 | Sewer    | Entered a sewer
   447 | Sewer    | Reached XP level 4. HP: 33/33 MP: 4/4
   549 | Sewer    | wait, so i do get haste from the accidental potion use
                  | under chei?
   549 | Sewer    | wasn't it different before?
   566 | Sewer    | HP: 1/33 [sickly merfolk siren/+0 spear (6)]
   570 | Sewer    | Reached skill level 5 in Axes
   733 | Sewer    | Reached XP level 5. HP: 33/39 MP: 5/5
   758 | Sewer    | Reached ** piety under Cheibriados
   840 | Sewer    | Noticed a malarious merfolk avatar
   841 | Sewer    | i'm dead
   868 | Sewer    | Killed a malarious merfolk avatar
   869 | Sewer    | Reached skill level 3 in Fighting
   963 | D:5      | Entered Level 5 of the Dungeon
  1048 | D:5      | Reached skill level 6 in Axes
  1048 | D:5      | Reached XP level 6. HP: 19/47 MP: 2/6
  1144 | D:5      | Found Bodgh's General Store.
  1173 | D:5      | Reached skill level 1 in Invocations
  1238 | D:4      | Reached XP level 7. HP: 45/52 MP: 8/8
  1296 | D:5      | Reached skill level 2 in Invocations
  1426 | D:6      | Reached skill level 7 in Axes
  1477 | D:6      | Noticed Grinder
  1536 | D:6      | Reached skill level 3 in Invocations
  1577 | D:6      | Paralysed by Grinder for 2 turns
  1581 | D:5      | Found a staircase to the Ecumenical Temple.
  1588 | D:5      | Reached skill level 4 in Fighting
  1627 | D:5      | Found an ancient bone altar of Kikubaaqudgha.
  1709 | D:5      | Reached XP level 8. HP: 37/61 MP: 6/10
  1881 | D:7      | Found Pwky's Practical Paraphernalia.
  1881 | D:7      | Found Aruta's Jewellery Boutique.
  1896 | D:6      | Reached *** piety under Cheibriados
  2041 | D:7      | Bought a wand of polymorph (6) for 96 gold pieces
  2041 | D:7      | Bought a wand of paralysis (3) for 60 gold pieces
  2171 | D:7      | Reached skill level 4 in Invocations
  2195 | D:7      | Identified the +1 ring mail of the Will of the Gods {rF++}
  2517 | D:7      | Reached skill level 4 in Dodging
  2522 | D:7      | Identified the +3 flail of the Flying Gods {vorpal, Fly}
  2587 | D:7      | Found a runed translucent door.
  2588 | D:7      | Noticed Crazy Yiuf
  2595 | D:7      | Killed Crazy Yiuf
  2596 | D:7      | Reached skill level 8 in Axes
  2655 | D:8      | Noticed a wyvern
  2729 | D:7      | Gained mutation: Your spells are a little harder to cast,
                  | but a little more powerful. [potion of mutation]
  2729 | D:7      | Gained mutation: You are partially covered in large bone
                  | plates. (SH +4) [potion of mutation]
  2994 | D:8      | Killed a wyvern
  2995 | D:8      | Reached skill level 5 in Fighting
  2995 | D:8      | Reached XP level 9. HP: 44/68 MP: 9/12
  3012 | D:8      | Reached skill level 9 in Axes
  3111 | D:9      | Noticed a troll
  3190 | D:9      | Noticed a hornet
  3239 | D:9      | a hornet changed into a steam dragon
  3245 | D:9      | Reached skill level 6 in Fighting
  3245 | D:9      | Reached skill level 1 in Shields
  3419 | D:9      | Noticed a necromancer
  3496 | D:9      | Reached skill level 2 in Shields
  3548 | D:10     | Entered Level 10 of the Dungeon
  3700 | D:7      | Reached **** piety under Cheibriados
  3837 | D:9      | Killed a troll
  3838 | D:9      | Reached skill level 10 in Axes
  3874 | D:10     | Reached XP level 10. HP: 57/76 MP: 10/13
  3988 | D:10     | Found a staircase to the Orcish Mines.
  3990 | D:10     | oh!
  4063 | Orc:1    | Entered Level 1 of the Orcish Mines
  4170 | Orc:1    | Found a shimmering altar of Xom.
  4194 | Orc:1    | Reached skill level 5 in Dodging
  4395 | Orc:2    | Entered Level 2 of the Orcish Mines
  4401 | Orc:2    | Noticed an orc knight
  4407 | Orc:1    | HP: 13/76 [troll (4)]
  4410 | Orc:1    | HP: 5/76 [troll (12)]
  4410 | Orc:1    | Mangled by a troll

Illustrated notes .... #... .... ... #.. #..# #...## #...@# .......## #####.# #. # Turn 0 on D:1: 3 hit by iguana #.≈≈≈### .≈≈≈≈∩∩# ######## ≈≈≈≈≈########## ## ≈≈≈≈≈≈†≈≈≈≈†≈≈# $$# ###########≈†≈### .. #.#≈≈≈###≈#### #.##≈≈≈†≈m≈≈≈# #.....@†r≈≈≈≈# #######...≈≈≈# #...≈≈≈ ##...≈ ### Turn 549 on Sewer: wait, so i do get haste from the accidental potion use under chei?

## ≈≈≈≈ .# ≈≈S≈ .# ####
≈≈≈Sm .# #..# ≈≈≈≈≈ ≈##
#..# .S≈≈≈≈ ≈≈####
#..###≈≈≈≈≈≈
≈≈≈≈≈########..#≈≈≈≈≈≈≈≈
..≈≈#≈≈≈≈≈≈≈≈≈≈≈@≈≈≈≈≈≈≈
...≈#########..#≈≈≈≈≈≈≈≈
##.....†≈# #†.###≈≈≈≈≈≈
######≈≈# ##.## ≈≈≈≈≈≈
#..###..# ≈≈≈≈≈
##...†.## ≈≈≈≈≈ #######
≈≈≈≈ ≈≈≈≈


Turn 841 on Sewer: i'm dead #......... ##......... #.......... #######.... #....
#.... ########### #.... #...>.....# #.... #..@....### ##### #.......# #..>....#
#.......# #.......# #.......# #.......# ......... Turn 3990 on D:10: oh!

Levels and vault maps discovered:
D:1:      saegor_arrival_simple_a, layout_basic, serial_bayou_lagoon_b
D:2:      cheibrodos_old_hovel, layout_rooms, basic_altar
D:3:      layout_basic, grunt_ministairs_9, minmay_liquid_box
D:4:      layout_basic, cheibrodos_sewer_entry_sluice
D:5:      layout_basic, kiku_gazebo_pond_becter, minmay_temple_entry_slanted,
          serial_shops, shop
D:6:      layout_basic, uniq_grinder
D:7:      layout_loops_ring, serial_shops, shop, nicolae_ossuary_entry_monument,
          nicolae_alphabet_shops, uniq_crazy_yiuf_cottage
D:8:      layout_cave_pools
D:9:      layout_basic, eino_house_with_fridge
D:10:     layout_small_grid, david_lair_shrubbed
D:11:     layout_roguey, portal_ice_cave_demonic_guard
Orc:1:    dreamdust_wu_jian_sword_trials, layout_caves, basic_altar,
          nooodl_orcs_dogs
Orc:2:    st_orc_pillars, layout_caves

Skill      XL: |  1  2  3  4  5  6  7  8  9 10 |
---------------+-------------------------------+-----
Axes           | 4 5 6 7 8 10 | 10.8
Fighting       | 3 4 5 6 |  6.1
Invocations    | 1 3 4 |  4.2
Dodging        | 4 5 |  5.3
Shields        | 2 |  2.0
Throwing       | |  2.0

Action                   |  1- 3 |  4- 6 |  7- 9 | 10-12 || total
-------------------------+-------+-------+-------+-------++-------
Melee: War axe           |    48 |   130 |   247 |       ||   425
       Punch             |       |     2 |     7 |       ||     9
       Battleaxe         |       |       |    28 |    20 ||    48
 Fire: Hunting sling     |     6 |     6 |    22 |       ||    34
       Shortbow          |       |       |     1 |     2 ||     3
Throw: Throwing net      |     2 |     2 |     2 |       ||     6
Invok: Bend Time         |       |     4 |    14 |     2 ||    20
Evoke: Wand              |       |       |    13 |       ||    13
  Use: Potion            |       |     3 |     2 |     1 ||     6
       Scroll            |       |     2 |    12 |     2 ||    16
 Stab: Sleeping          |     1 |     2 |     1 |       ||     4
       Paralysed         |       |       |     7 |       ||     7
       Held in net/web   |       |       |     3 |       ||     3
       Distracted        |       |       |     1 |       ||     1
Armor: Leather armour    |    17 |    37 |     6 |       ||    60
       Ring mail         |       |       |    89 |     8 ||    97
       Troll leather arm |       |       |       |     1 ||     1
Dodge: Dodged            |    22 |    65 |   197 |    26 ||   310
Block: Other             |       |       |    22 |     7 ||    29
       Buckler           |       |       |     1 |       ||     1

Table legend: (Time is in decaauts)
 A = Elapsed time spent in this place.
 B = Non-inter-level travel time spent in this place.
 C = Inter-level travel time spent in this place.
 D = Time resting spent in this place.
 E = Time spent auto-exploring this place.
 F = Levels seen in this place.
 G = Mean time per level.
                   A        B        C        D        E       F      G
               +--------+--------+--------+--------+--------+-----+--------+
         Total |   6614 |   6387 |    227 |      4 |      0 |  14 |  472.4 |
       Dungeon |   5221 |   5029 |    192 |      4 |      0 |  11 |  474.6 |
  Orcish Mines |    591 |    556 |     35 |      0 |      0 |   2 |  295.5 |
         Sewer |    801 |    801 |      0 |      0 |      0 |   1 |  801.0 |
               +--------+--------+--------+--------+--------+-----+--------+

Top non-repeatable levels by time:
     D:7: 1103 daAuts
     D:9: 969 daAuts
     D:6: 883 daAuts
     D:5: 816 daAuts
   Sewer: 801 daAuts
   Orc:1: 581 daAuts
     D:8: 480 daAuts
     D:3: 345 daAuts
    D:10: 193 daAuts
     D:4: 190 daAuts
     D:2: 123 daAuts
    D:11: 93 daAuts
     D:1: 22 daAuts
   Orc:2: 9 daAuts
